Map: Newkirk Precinct TE (Void)

Players

jaxmaster - Winner!

  • Race: Terran Terran
  • League: Platinum
  • Spawn Location: 7:00

Fropez

  • Race: Protoss Protoss
  • League: Platinum
  • Spawn Location: 5:00

VOD

Have the link to the VOD?

Description

Time

  • Played on: Jan. 26, 2017, 1:47 p.m.
  • Length: 21:35
Show
View Real Time Build Order
Export as new Build Order

jaxmaster Terran - Winner!

Build Orders: 1/1/1, Banshee Rush 

Get SALT Encoding   

  12  0:05  SCV  
  13  0:17  SCV  
  14  0:22  Supply Depot  
  14  0:30  SCV, Refinery  
  15  0:43  SCV  
  15  0:48  Barracks  
  16  0:55  SCV  
  17  1:01  Refinery  
  17  1:08  SCV  
  18  1:20  SCV  
  19  1:32  SCV  
  20  1:36  Factory  
  20  1:37  Marine  
  21  1:46  Supply Depot  
  21  1:47  SCV  
  22  1:55  Marine  
  23  2:03  Orbital Command  
  23  2:22  Starport  
  23  2:30  Starport  
  23  2:40  Factory Tech Lab  
  23  3:00  Starport Tech Lab  
  24  3:05  SCV  
  24  3:06  Starport Tech Lab  
  24  3:11  Supply Depot  
  24  3:17  Engineering Bay  
  24  3:21  Cloaking Field  
  24  3:26  Banshee x2  
  30  3:39  Siege Tank  
  33  3:51  Missile Turret  
  33  3:57  Missile Turret  
  33  4:08  Command Center  
  33  4:24  Banshee x2  
  39  4:31  Supply Depot  
  39  5:11  Banshee x2  
  35  6:14  Marine  
  36  6:28  Siege Tank  
  36  6:32  Marine  
  39  6:45  Barracks x2  
  39  6:47  Barracks  
  39  6:49  Barracks  
  39  6:50  Marine, SCV  
  41  6:54  Banshee x2  
  41  7:00  Siege Tank  
  50  7:02  SCV  
  50  7:04  SCV  
  52  7:14  SCV  
  53  7:16  SCV  
  54  7:25  Barracks Tech Lab  
  54  7:26  SCV  
  55  7:33  Bunker  
  49  8:12  SCV, Missile Turret  
  47  8:18  Armory  
  47  8:23  Barracks Reactor x2  
  47  8:24  SCV, Barracks Tech Lab  
  47  8:25  Barracks Reactor  
  48  8:30  SCV  
  48  8:33  Factory  
  49  8:36  SCV  
  50  8:42  SCV, Refinery  
  51  8:48  SCV  
  51  8:54  SCV  
  53  9:01  SCV, Factory  
  54  9:02  Terran Infantry Armor Level 1  
  54  9:05  Terran Vehicle And Ship Armor Level 1  
  54  9:12  Command Center  
  54  9:13  SCV  
  59  9:24  Marine x4, Marauder x2  
  59  9:25  Marine x2, SCV  
  66  9:37  Thor, Refinery  
  72  9:41  Stimpack  
  72  9:42  Combat Shields  
  72  9:46  Factory Tech Lab  
  72  9:56  Marine  
  72  9:57  Marine x5  
  78  10:16  Missile Turret  
  78  10:23  Marine  
  79  10:29  Medivac x2  
  82  10:48  Supply Depot x3  
  82  10:50  Supply Depot  
  82  10:57  Terran Infantry Weapons Level 1  
  82  11:09  Thor x2  
  93  11:22  Command Center  
  93  11:27  Concussive Shells  
  93  11:29  Marine  
  93  11:30  Marine x5  
  93  11:32  Marauder  
  101  11:47  Terran Vehicle Weapons Level 1  
  101  12:06  Medivac x2  
  105  12:08  Command Center  
  104  12:34  Liberator  
  104  12:37  SCV  
  105  12:49  SCV, Raven  
  111  12:54  Marine x2, Marauder x2  
  111  12:55  Marine x2  
  119  13:01  SCV  
  119  13:04  Hellbat x2  
  123  13:13  SCV  
  124  13:25  SCV  
  125  13:38  SCV  
  126  13:48  Marine, Marauder x2  
  130  13:49  Marine x2, Command Center  
  113  14:35  Marine  
  103  14:41  Marauder  
  103  14:42  Marauder  
  103  14:45  Siege Tank  
  103  14:48  Marine x4  
  103  14:49  Marine  
  99  14:53  Marine  
  90  15:04  Marauder  
  80  15:17  Marine x3  
  80  15:18  Marine x3  
  76  15:39  Siege Tank  
  76  15:41  Marine x5  
  77  15:52  SCV  
  68  17:48  Supply Depot  
  68  17:50  Supply Depot  
  68  18:12  Supply Depot  
  68  18:16  Supply Depot  
  62  19:59  Supply Depot  
  62  20:00  Supply Depot  
  62  20:02  Supply Depot  
  62  20:03  Supply Depot  
  62  20:11  Barracks  
  62  20:27  SCV  
  62  21:01  Orbital Command  
Show
View Real Time Build Order
Export as new Build Order

Fropez Protoss 

Build Orders:  

Get SALT Encoding   

  12  0:01  Probe (Chrono Boost)  
  13  0:11  Probe (Chrono Boost)  
  14  0:21  Pylon  
  14  0:23  Probe (Chrono Boost)  
  15  0:39  Probe (Chrono Boost)  
  16  0:43  Gateway  
  16  0:46  Assimilator  
  16  0:51  Probe (Chrono Boost)  
  17  1:02  Probe (Chrono Boost)  
  18  1:04  Pylon  
  18  1:12  Probe (Chrono Boost)  
  19  1:23  Probe (Chrono Boost)  
  20  1:34  Probe (Chrono Boost)  
  20  1:37  Assimilator  
  21  1:45  Probe (Chrono Boost)  
  21  1:46  Cybernetics Core  
  22  1:50  Gateway  
  22  2:00  Probe (Chrono Boost)  
  22  2:10  Warp Gate  
  22  2:11  Probe (Chrono Boost)  
  23  2:22  Adept  
  26  2:23  Probe (Chrono Boost)  
  26  2:24  Pylon  
  26  2:36  Mothership Core (Chrono Boost)  
  28  2:41  Nexus  
  28  2:49  Adept  
  30  2:56  Probe (Chrono Boost)  
  31  3:06  Pylon  
  31  3:10  Probe (Chrono Boost)  
  32  3:18  Stalker  
  36  3:34  Stalker  
  36  3:36  Robotics Facility  
  36  3:52  Pylon  
  36  3:53  Probe (Chrono Boost)  
  39  3:57  Probe (Chrono Boost)  
  40  4:10  Probe x2 (Chrono Boost)  
  40  4:11  Pylon  
  40  4:20  Probe (Chrono Boost)  
  40  4:22  Probe (Chrono Boost)  
  42  4:25  Stalker x2  
  42  4:27  Observer  
  42  4:31  Probe (Chrono Boost)  
  48  4:38  Twilight Council  
  48  4:39  Pylon  
  48  4:40  Probe (Chrono Boost)  
  43  4:59  Stalker x2  
  42  5:08  Probe (Chrono Boost)  
  42  5:10  Probe (Chrono Boost)  
  44  5:19  Observer, Probe (Chrono Boost)  
  46  5:22  Probe (Chrono Boost)  
  42  5:29  Probe (Chrono Boost)  
  42  5:34  Probe (Chrono Boost)  
  42  5:40  Probe (Chrono Boost)  
  41  5:46  Probe (Chrono Boost)  
  35  5:50  Probe (Chrono Boost)  
  36  5:58  Probe (Chrono Boost)  
  36  6:01  Probe (Chrono Boost)  
  37  6:10  Probe (Chrono Boost)  
  36  6:11  Probe (Chrono Boost)  
  37  6:22  Probe (Chrono Boost)  
  38  6:27  Probe (Chrono Boost)  
  39  6:34  Probe (Chrono Boost)  
  39  6:38  Probe (Chrono Boost)  
  39  6:40  Stalker x2  
  39  6:46  Probe (Chrono Boost)  
  44  6:48  Pylon, Probe (Chrono Boost)  
  44  6:53  Blink  
  45  6:58  Probe (Chrono Boost)  
  46  7:08  Stalker  
  49  7:16  Probe (Chrono Boost)  
  49  7:20  Probe (Chrono Boost)  
  50  7:22  Stalker  
  50  7:28  Probe (Chrono Boost)  
  53  7:34  Stalker  
  55  7:39  Observer  
  55  7:40  Probe (Chrono Boost)  
  55  7:41  Probe (Chrono Boost)  
  49  8:09  Stalker x2  
  49  8:12  Probe (Chrono Boost)  
  55  8:14  Probe (Chrono Boost)  
  55  8:23  Probe (Chrono Boost)  
  55  8:26  Probe (Chrono Boost)  
  57  8:38  Probe (Chrono Boost)  
  57  8:39  Probe (Chrono Boost)  
  60  8:48  Probe (Chrono Boost)  
  60  8:54  Probe (Chrono Boost)  
  60  8:55  Warp Prism  
  63  8:59  Probe (Chrono Boost)  
  64  9:06  Robotics Bay  
  64  9:07  Probe (Chrono Boost)  
  64  9:08  Gateway  
  64  9:09  Probe (Chrono Boost)  
  66  9:19  Probe (Chrono Boost), Stalker x2  
  66  9:20  Probe (Chrono Boost)  
  72  9:31  Probe (Chrono Boost)  
  73  9:38  Probe (Chrono Boost)  
  74  9:43  Probe (Chrono Boost)  
  74  9:44  Assimilator  
  75  9:48  Probe (Chrono Boost)  
  76  9:55  Probe (Chrono Boost)  
  76  9:59  Nexus  
  77  10:02  Forge x2  
  77  10:33  Stalker x2, Protoss Ground Armor Level 1  
  81  10:37  Probe (Chrono Boost)  
  81  10:38  Probe (Chrono Boost)  
  81  10:40  Protoss Ground Weapons Level 1  
  83  10:52  Probe x2 (Chrono Boost)  
  83  10:55  Pylon  
  84  11:13  Stalker  
  84  11:14  Probe x2 (Chrono Boost), Stalker x2  
  84  11:16  Warp Prism  
  95  11:26  Probe (Chrono Boost)  
  95  11:27  Gravitic Drive  
  95  11:51  Gateway  
  95  11:52  Gateway  
  95  11:54  Gateway  
  95  11:57  Gateway  
  95  11:58  Gateway  
  95  12:00  Gateway  
  95  12:01  Gateway  
  95  12:04  Pylon  
  95  12:05  Stalker x3  
  95  12:07  Pylon  
  95  12:08  Pylon  
  101  12:27  Observer Gravitic Boosters  
  101  12:31  Observer  
  101  12:36  Resonating Glaives  
  102  12:49  Assimilator  
  102  12:51  Pylon  
  102  12:53  Probe (Chrono Boost)  
  102  12:54  Pylon  
  102  12:55  Probe x2 (Chrono Boost)  
  102  12:56  Pylon  
  105  12:58  Pylon  
  105  12:59  Protoss Ground Armor Level 2  
  105  13:06  Protoss Ground Weapons Level 2  
  105  13:13  Observer  
  106  13:21  Stalker x4  
  106  13:22  Stalker x3  
  118  13:34  Observer  
  119  13:56  Observer  
  110  14:03  Stalker x6  
  110  14:04  Stalker x3  
  108  14:31  Stalker x3  
  91  14:59  Nexus  
  70  16:03  Pylon  
  70  16:06  Pylon  
  70  16:08  Pylon  
  70  16:27  Pylon  
  70  16:29  Pylon  
  66  17:10  Assimilator  
  66  17:14  Assimilator  
  61  17:43  Nexus  
  61  18:36  Nexus  
Tags
 
Add a new tag
Caveats
  • Supply blocks, unpowered buildings, or Contaminate may cause inaccurate times.
  • Supply counts are checked every 10 seconds.